 Dungeon Crawl Stone Soup version bcrawl-1.21.2-1-g32d02e0829 (webtiles) character file.

Game seed: 14059811609038274524

1327 Mrkan the Cudgeler (level 8, -1/51 HPs)
             Began as a Gargoyle Fighter on Feb 19, 2020.
             Was a Follower of Dithmenos.
             Killed by divine providence
             ... invoked by an orc priest
              (16 damage)
             ... on level 6 of the Dungeon.
             The game lasted 00:06:29 (5295 turns).

Mrkan the Cudgeler (Gargoyle Fighter)               Turns: 5295, Time: 00:06:29

Health: -1/51      AC: 19    Str: 23    XL:     8   Next: 60%
Magic:  8/8        EV:  7    Int:  8    God:    Dithmenos [*.....]
Gold:   486        SH: 10    Dex:  9    Spells: 7/7 levels left

rFire    x . .     SeeInvis .   a - +0 flail
rCold    + + .     Gourm    .   c - +0 shield
rNeg     + . .     Faith    .   g - +0 ice dragon scales
rPois    ∞         Spirit   .   r - +0 helmet
rElec    +         Reflect  .   v - scarf {repulsion}
rCorr    .         Harm     .   (no gloves)
MR       .....                  i - +0 pair of boots
Stlth    ..........             (no amulet)
HPRegen  0.17/turn              (no ring)
MPRegen  0.11/turn              (no ring)

@: wreathed by umbra, repel missiles
A: negative energy resistance 1, electricity resistance, unbreathing,
petrification resistance, rot immunity, AC +5
a: Renounce Religion


You were on level 6 of the Dungeon.
You worshipped Dithmenos.
Dithmenos was aware of your devotion.
You were hungry.

You visited 1 branch of the dungeon, and saw 6 of its levels.

You collected 486 gold pieces.

Inventory:

Hand Weapons
 a - a +0 flail (weapon)
Missiles
 l - a throwing net (quivered) {!f}
Armour
 c - a +0 shield (worn)
 g - +0 ice dragon scales (worn)
 i - a +0 pair of boots (worn)
 m - a +0 cloak
 r - a +0 helmet (worn)
 v - a scarf of repulsion (worn)
Wands
 w - a wand of random effects (10)
 y - a wand of flame (11)
 z - a wand of polymorph (7)
Scrolls
 f - 2 scrolls of teleportation {unknown}
 j - a scroll of fear {unknown}
 k - 4 scrolls of fog {unknown}
 n - 2 scrolls of identify {unknown}
 p - 3 scrolls of remove curse {unknown}
 q - a scroll of blinking {unknown}
 s - 2 scrolls of noise {unknown}
 x - a scroll of enchant armour {unknown}
Potions
 b - a potion of flight {unknown}
 d - 2 potions of might
 h - a potion of lignification {unknown}
 o - a potion of curing {unknown}
 t - a potion of brilliance {unknown}
 u - 2 potions of haste {unknown}
Comestibles
 e - 6 rations {!d}


   Skills:
 + Level 5.7 Fighting
 * Level 6.5 Maces & Flails
 + Level 5.7 Armour
 + Level 3.0 Stealth
 + Level 5.8 Shields


You had 7 spell levels left.
You didn't know any spells.
Your spell library contained the following spells:

 Spells                   Type           Power        Failure   Level  Hunger
 Corona                   Hex            #......      99%         1    ##.....
 Ensorcelled Hibernation  Hex/Ice        #.....       99%         2    ###....
 Confuse                  Hex            #.......     100%        3    ####...
 Dazzling Spray           Conj/Hex       #.....       100%        3    ####...
 Tukima's Dance           Hex            #.......     100%        3    ####...


Dungeon Overview and Level Annotations

Branches:
Dungeon (6/12)             Temple (0/1) D:5

Altars:
Dithmenos
Elyvilon
Fedhas
Hepliaklqana
Lugonu
Qazlal
Sif Muna
Yredelemnul
Zin
The Shining One

Shops:
D:5 *


Innate Abilities, Weirdness & Mutations

You are resistant to torment.
Your stone body is resilient. (AC +5)
You are immune to poison.
You resist negative energy. (rN+)
You are resistant to electric shocks. (rElec)
You can survive without breathing.
You are immune to petrification.
You are immune to rotting.


Message History

You kill the orc!
Dithmenos accepts your kill.
The orc priest mumbles some strange prayers to Beogh against you.
Beogh smites you!
* * * LOW HITPOINT WARNING * * *
You closely miss the orc priest. You block the orc priest's attack.
You closely miss the orc priest.
The orc priest hits you but does no damage.
You closely miss the orc priest.
The orc priest hits you but does no damage.
You barely miss the orc priest. The orc priest closely misses you.
Your shield and ice dragon scales prevent you from hitting the orc priest.
The orc priest hits you but does no damage.
You hit the orc priest but do no damage.
You block the orc priest's attack.
All of the chunks of flesh in your inventory have rotted away.
You completely miss the orc priest.
The orc priest mumbles some strange prayers to Beogh against you.
Beogh smites you!
You die...

#.# #.# #.# #.# #.#
#.# ####.#
...#.###############.#
##.#.#..........@ooJ.#
#...#.#############.#
####...# ...#.####
.###.##_## ...###...#
.#.####'####
..##.#...#.##
.....'.8.'._#


You could see a jelly and 2 orc priests.

Vanquished Creatures
  A water moccasin (D:5)
  Duvessa (D:4)
  3 ogres
  Dowan (D:4)
  A scorpion (D:4)
  A howler monkey (D:4)
  4 wights (D:5)
  A crimson imp (D:6)
  An orc wizard (D:4)
  An orc priest (D:6)
  Natasha (thrice) (D:3)
  2 iguanas
  3 worker ants
  A hound skeleton (D:6)
  A worker ant zombie (D:5)
  Robin (D:2)
  6 adders
  6 gnolls
  An ooze (D:2)
  An adder skeleton (D:5)
  3 worms (D:2)
  2 dart slugs
  5 leopard geckos
  9 orcs
  6 bats
  3 giant cockroaches
  14 hobgoblins
  3 quokkas
  2 ball pythons (D:2)
  6 frilled lizards
  17 goblins
  5 kobolds
  6 rats
121 creatures vanquished.

Notes
Turn   | Place    | Note
-------+----------+-------------------------------------------
     0 | D:1      | Mrkan the Gargoyle Fighter began the quest for the Orb.
     0 | D:1      | Reached XP level 1. HP: 14/14 MP: 1/1
   193 | D:1      | Reached XP level 2. HP: 17/19 MP: 2/2
   557 | D:1      | Reached XP level 3. HP: 22/23 MP: 3/3
  1527 | D:2      | Reached skill level 3 in Maces & Flails
  1527 | D:2      | Reached XP level 4. HP: 24/29 MP: 4/4
  1987 | D:2      | Noticed Robin
  2028 | D:2      | Killed Robin
  2028 | D:2      | Reached XP level 5. HP: 28/33 MP: 5/5
  2533 | D:3      | Noticed Natasha
  2555 | D:3      | Killed Natasha
  2567 | D:3      | Found a hazy altar of Hepliaklqana.
  2803 | D:3      | Noticed Natasha
  2808 | D:3      | Killed Natasha
  2808 | D:3      | Reached skill level 4 in Maces & Flails
  2828 | D:3      | Reached XP level 6. HP: 38/38 MP: 6/6
  2884 | D:3      | Noticed Natasha
  2890 | D:3      | Killed Natasha
  3304 | D:4      | Found a stormy altar of Qazlal.
  3377 | D:4      | Found a glowing golden altar of the Shining One.
  3377 | D:4      | Found a glowing silver altar of Zin.
  3377 | D:4      | Found a white marble altar of Elyvilon.
  3688 | D:4      | Noticed Duvessa
  3688 | D:4      | Noticed Dowan
  3701 | D:4      | Killed Duvessa
  3701 | D:4      | Reached XP level 7. HP: 44/44 MP: 7/7
  3727 | D:4      | Killed Dowan
  3727 | D:4      | Reached skill level 5 in Maces & Flails
  3931 | D:4      | Found a shadowy altar of Dithmenos.
  3937 | D:4      | Reached skill level 5 in Shields
  3945 | D:4      | Became a worshipper of Dithmenos the Shadowed
  4157 | D:5      | Entered Level 5 of the Dungeon
  4173 | D:5      | Reached skill level 5 in Fighting
  4173 | D:5      | Reached skill level 5 in Armour
  4252 | D:5      | Found a staircase to the Ecumenical Temple.
  4326 | D:5      | Reached skill level 1 in Stealth
  4354 | D:5      | Reached XP level 8. HP: 8/49 MP: 8/8
  4687 | D:5      | Reached skill level 6 in Maces & Flails
  4705 | D:5      | Found a blossoming altar of Fedhas.
  4796 | D:5      | Found Bethizipn's General Store.
  5077 | D:6      | Reached * piety under Dithmenos
  5212 | D:6      | Found a basalt altar of Yredelemnul.
  5214 | D:6      | Found a shimmering blue altar of Sif Muna.
  5218 | D:6      | Found a corrupted altar of Lugonu.
  5295 | D:6      | Killed from afar by an orc priest

Skill      XL: |  1  2  3  4  5  6  7  8 |
---------------+-------------------------+-----
Maces & Flails | 3 4 5 6 |  6.5
Shields        | 4 5 |  5.8
Armour         | 4 5 |  5.7
Fighting       | 4 5 |  5.7
Stealth        | 1 3 |  3.0

Action                   |  1- 3 |  4- 6 |  7- 9 || total
-------------------------+-------+-------+-------++-------
Melee: Flail             |   153 |   264 |   253 ||   670
  Eat: Chunk             |     2 |     6 |     7 ||    15
Armor: Scale mail        |    29 |       |       ||    29
       Ice dragon scales |    81 |   160 |   115 ||   356
Dodge: Dodged            |    69 |    86 |    67 ||   222
       Deflected         |       |       |     2 ||     2
Block: Shield            |   121 |   147 |   134 ||   402
